 Dungeon Crawl Stone Soup version 0.30.0-5-g1a98f26d00 (webtiles) character file.

Game seed: 9696797397482581730

259 voltaire321 the Sneak (level 6, -1/40 HPs)
             Began as an Octopode Air Elementalist on May 8, 2023.
             Slain by a gnoll
             ... wielding a +0 spear
              (6 damage)
             ... on level 4 of the Dungeon.
             The game lasted 00:06:39 (2444 turns).

voltaire321 the Sneak (Octopode Air Elementalist)   Turns: 2444, Time: 00:06:40

Health: -1/40      AC:  1    Str:  8    XL:     6   Next: 17%
Magic:  10/10      EV: 14    Int: 17    God:
Gold:   177        SH:  0    Dex: 14    Spells: 4/10 levels left

rFire   . . .        n - +2 short sword (venom)
rCold   . . .        (no shield)
rNeg    . . .        (helmet restricted)
rPois   .            e - amulet of the acrobat
rElec   .            m - ring of see invisible
rCorr   .            (no ring)
SInv    +            (no ring)
Will    .....        (no ring)
Stlth   ++++         (no ring)
HPRegen 0.26/turn    (no ring)
MPRegen 0.12/turn    (no ring)
                     (no ring)

%: acrobat
@: no status effects
A: almost no armour, amphibious, 8 rings, camouflage 1, gelatinous body 1,
(nimble swimmer 1), tentacles
a: no special abilities


You were on level 4 of the Dungeon.
You visited 1 branch of the dungeon, and saw 4 of its levels.

You collected 177 gold pieces.

Inventory:

Hand Weapons
 n - a +2 short sword of venom (weapon)
Jewellery
 e - an amulet of the acrobat (around mantle)
 h - an amulet of guardian spirit
 m - a ring of see invisible (left tentacle)
Scrolls
 c - 3 scrolls of teleportation {unknown}
 d - a scroll of brand weapon {unknown}
 f - a scroll of butterflies {unknown}
 i - a scroll of blinking {unknown}
 j - 3 scrolls of identify {unknown}
 l - a scroll of amnesia {unknown}
Potions
 a - 2 potions of magic
 b - a potion of attraction {unknown}
 g - a potion of curing {unknown}
 k - a potion of lignification {unknown}
 o - a potion of mutation {unknown}


   Skills:
 + Level 2.3 Fighting
 + Level 3.0 Dodging
 + Level 4.1 Stealth
 + Level 2.9 Spellcasting
 + Level 2.4 Conjurations
 + Level 3.8 Air Magic


You had 4 spell levels left.
You knew the following spells:

 Your Spells              Type           Power      Damage    Failure   Level
a - Shock                 Conj/Air       52%        1d6       4%          1
b - Static Discharge      Conj/Air       26%        2-4/arc   8%          2
c - Swiftness             Air            15%        N/A       11%         3

Your spell library contained the following spells:

 Spells                   Type           Power      Damage    Failure   Level
 Airstrike                Air            7%         2d(2-18)  34%         4
 Tukima's Dance           Hex            2%         N/A       47%         3
 Passage of Golubria      Tloc           2%         N/A       87%         4
 Yara's Violent Unravell  Hex/Tmut       1%         3d3       99%         5


Dungeon Overview and Level Annotations

Branches:
Dungeon (4/15)
 Temple: D:4-7

Altars:
Makhleb
Qazlal

Annotations:
D:4 Duvessa


Innate Abilities, Weirdness & Mutations

You cannot wear most types of armour.
You are amphibious.
You can wear up to eight rings at the same time.
Your skin changes colour to match your surroundings (Stealth+).
Your rubbery body absorbs attacks. (AC +1, EV +1)
((You are camouflaged when in or above water. (Stealth+)))
You have tentacles for arms and can constrict up to eight enemies at once.


Message History

You constrict the gnoll.
You hear a shout!
The gnoll hits you with a +0 club. The gnoll closely misses you.
You hear a shout!
You hit the gnoll but do no damage.
The gnoll is almost dead.
You constrict the gnoll. The gnoll barely misses you. The gnoll misses you.
You hit the gnoll but do no damage.
The gnoll is poisoned.
The gnoll is almost dead.
You constrict the gnoll, but do no damage.
You kill the gnoll!
The gnoll barely misses you. The gnoll attacks as you move away!
The gnoll barely misses you.
Things that are here:
a +0 whip; a quokka corpse; a jackal corpse You hit the gnoll.
The gnoll is poisoned.
Your grab misses the gnoll. You squeeze the gnoll.
The gnoll is heavily wounded.
The gnoll hits you but does no damage.
A gnoll comes into view. It is wielding a +0 club.
You hit the gnoll.
The gnoll looks as sick as possible!
Your grab misses the gnoll.
The gnoll is almost dead.
The gnoll barely misses you.
You hit the gnoll.
You kill the gnoll!
You hit Duvessa.
Duvessa is poisoned.
You grab Duvessa.
Duvessa is lightly wounded.
You constrict Duvessa, but do no damage.
The gnoll closely misses you. Duvessa hits you with a +0 rapier.
You release your grip on Duvessa.
Duvessa attacks as you move away! Duvessa barely misses you.
The gnoll closely misses you.
Duvessa says, "When magic and the sword combine, nothing stands against them."
You closely miss Duvessa. You grab Duvessa.
Duvessa is lightly wounded.
You constrict Duvessa, but do no damage.
The gnoll hits you with a +0 club!
* * * LOW HITPOINT WARNING * * *
The gnoll hits you from afar with a +0 spear.
You die...

###..........##.......#
.......#.####.##.#####.#
####...........#.# #.#
#.....####..#.# ..#
#..........<..# ###
#.......#.#.###
#.............
#....##.....#.
#..†@##.....#.#
##..ge)..#..# #
#g####.##..#
#....†......#..#
....>......#..#
####.#.g####e.# .......
..# .......# ..# ...
..g.. ..#


You could see Duvessa (very poisoned) and 2 gnolls.

Vanquished Creatures
  A hound (D:4)
  A jelly (D:3)
  Natasha (thrice) (D:2)
  2 gnolls (D:4)
  4 adders
  2 dart slugs
  5 orcs (D:3)
  5 bats
  5 endoplasms
  A giant cockroach (D:1)
  2 goblins
  7 hobgoblins
  6 jackals
  5 kobolds
  4 quokkas
  5 ball pythons
  3 frilled lizards
  5 rats
66 creatures vanquished.

Notes
Turn   | Place    | Note
-------+----------+-------------------------------------------
     0 | D:1      | voltaire321 the Octopode Air Elementalist began the quest
                  | for the Orb.
     0 | D:1      | Reached XP level 1. HP: 11/11 MP: 3/3
   158 | D:1      | Reached XP level 2. HP: 16/18 MP: 0/5
   561 | D:2      | Reached skill level 1 in Fighting
   582 | D:2      | Noticed Natasha
   587 | D:2      | Reached XP level 3. HP: 20/23 MP: 6/6
   591 | D:2      | Killed Natasha
   592 | D:2      | Reached skill level 3 in Stealth
   629 | D:2      | Learned a level 2 spell: Static Discharge
   633 | D:2      | Learned a level 3 spell: Swiftness
   696 | D:2      | Reached XP level 4. HP: 28/28 MP: 4/7
   805 | D:2      | Noticed Natasha
   812 | D:2      | Killed Natasha
   893 | D:2      | Noticed Natasha
   908 | D:2      | Killed Natasha
  1018 | D:2      | Reached XP level 5. HP: 31/34 MP: 4/8
  1439 | D:2      | Found a faded altar of an unknown god.
  1860 | D:3      | Found a stormy altar of Qazlal.
  2058 | D:3      | Found a burning altar of Makhleb.
  2378 | D:4      | Reached skill level 4 in Stealth
  2378 | D:4      | Reached XP level 6. HP: 32/39 MP: 7/10
  2434 | D:4      | Noticed Duvessa
  2444 | D:4      | Slain by a gnoll

Illustrated notes

Levels and vault maps discovered:
D:1:      psy_arrival_conway, layout_rooms
D:2:      layout_loops_ring, shapermc_ecumenical_altar_petra,
          minmay_gold_behind_fungi, uniq_natasha
D:3:      layout_basic, bloody_makhleb, mainiacjoe_overflow_small_starburst
D:4:      layout_basic, uniq_duvessa

Skill      XL: |  1  2  3  4  5 |
---------------+----------------+-----
Fighting       | 1 2 |  2.3
Stealth        | 3 4 |  4.1
Conjurations   | 2 |  2.4
Dodging        | 3 |  3.0
Spellcasting   | |  2.9
Air Magic      | |  3.8

Action                     |  1- 3 |  4- 6 || total
---------------------------+-------+-------++-------
  Melee: Unarmed           |    12 |       ||    12
         Tentacles         |    15 |    16 ||    31
         Constrict         |     7 |    17 ||    24
         Dagger            |    34 |    37 ||    71
         Punch             |     1 |     2 ||     3
         Short sword       |       |    32 ||    32
   Cast: Shock             |    11 |    54 ||    65
   Stab: Sleeping          |     2 |     3 ||     5
 Armour: Skin              |     5 |     2 ||     7
  Dodge: Dodged            |    22 |    60 ||    82
